 Dungeon Crawl Stone Soup version 0.31.0-12-g77e489cdc1 (webtiles) character file.

Game seed: 13359216153288776899

39 McKennaii the Conjurer (level 3, -1/26 HPs)
             Began as a Demigod Conjurer on Feb 12, 2024.
             Slain by an ice beast (8 damage)
             ... on level 3 of the Dungeon.
             The game lasted 00:01:54 (2170 turns).

McKennaii the Conjurer (Demigod Conjurer)           Turns: 2170, Time: 00:01:55

Health: -1/26      AC:  4    Str:  8    XL:     3   Next: 13%
Magic:  1/9        EV: 12    Int: 24    God:
Gold:   86         SH:  0    Dex: 18    Spells: 4/7 levels left

rFire   . . .        d - staff of death
rCold   . . .        (no shield)
rNeg    + . .        a - +0 robe
rPois   .            (no helmet)
rElec   .            (no cloak)
rCorr   .            h - +1 pair of gloves
SInv    .            (no boots)
Will    .....        (no amulet)
Stlth   ++           f - +6 ring of dexterity
HPRegen 0.24/turn    (no ring)
MPRegen 0.11/turn

%: no passive effects
@: no status effects
A: high MP 1, forlorn, divine attributes
a: no special abilities


You were on level 3 of the Dungeon.
You visited 1 branch of the dungeon, and saw 3 of its levels.

You collected 86 gold pieces.

Inventory:

Armour
 a - a +0 robe (worn)
 h - a +1 pair of gloves (worn)
Magical Staves
 d - a staff of death (weapon)
Jewellery
 f - a +6 ring of dexterity (left hand)
Wands
 p - a wand of mindburst (17)
Scrolls
 e - a scroll of amnesia {unknown}
 i - a scroll of teleportation {unknown}
 k - a scroll of noise {unknown}
 l - a scroll of poison {unknown}
 m - a scroll of enchant armour {unknown}
Potions
 b - a potion of magic
 c - a potion of might {unknown}
 g - 3 potions of attraction {unknown}
 j - a potion of brilliance {unknown}
 n - a potion of curing {unknown}
 o - a potion of resistance {unknown}


   Skills:
 - Level 1.7 Dodging
 - Level 1.7 Stealth
 + Level 2.5 Spellcasting
 + Level 4.1 Conjurations


You had 4 spell levels left.
You knew the following spells:

 Your Spells              Type           Power      Damage    Failure   Level
a - Magic Dart            Conj           92%        1d7       1%          1
b - Searing Ray           Conj           46%        2d6       3%          2

Your spell library contained the following spells:

 Spells                   Type           Power      Damage    Failure   Level
 Fulminant Prism          Conj/Alch      6%         3d7       43%         4
 Iskenderun's Mystic Bla  Conj/Tloc      13%        2d5       43%         4


Dungeon Overview and Level Annotations

Branches:
Dungeon (3/15)

Shops:
D:1 =


Innate Abilities, Weirdness & Mutations

You have an increased reservoir of magic. (+10% MP)
You shall have no god before yourself.
Your divine heritage dramatically boosts your attributes as you level up.


Message History

Confirm with . or Enter, or press ? or * to list all spells.
Aiming: Searing Ray (safe; 3% risk of failure)
Press: ? - help, Shift-Dir - straight line, f/p - ice beast
Aim: an ice beast (severely wounded, 78% to hit)
The searing ray hits the ice beast.
The ice beast is severely wounded. (Press . to maintain the ray.)
The ice beast barely misses you.
The searing ray hits the ice beast but does no damage.
The ice beast is severely wounded.
The ice beast hits you but does no damage.
You hit the ice beast but do no damage.
The ice beast is severely wounded.
The ice beast barely misses you.
You completely miss the ice beast.
The ice beast is severely wounded.
The ice beast hits you. The ice beast freezes you!
Ouch! That really hurt!
The ice beast barely misses you.
You closely miss the ice beast.
The ice beast is severely wounded.
The ice beast hits you but does no damage.
You barely miss the ice beast.
The ice beast is severely wounded.
The ice beast hits you but does no damage.
You barely miss the ice beast.
The ice beast is severely wounded.
The ice beast barely misses you.
You hit the ice beast.
The ice beast is almost dead.
The ice beast closely misses you.
You hit the ice beast.
The ice beast is almost dead.
The ice beast barely misses you. The ice beast misses you.
You hit the ice beast but do no damage.
The ice beast is almost dead.
The ice beast hits you.
* * * LOW HITPOINT WARNING * * *
The ice beast freezes you!
You die...

#..# #..# #.##.# ### ##.)#
#.##.# #.# ..Y.###.##.#
#.# ........##.#### #.#
....###.......# #.#
..........)...# #.#
....###.......####.# #
......)........Y@..#.#
#######.##.#######.#.#####
#.##.# #........ #.####
####.#.##### #.#
#<)......... #.#
####.#.##### #.. #.#.# ###
#.# # ...


You could see an ice beast.

Vanquished Creatures
  A dart slug (D:2)
  2 orcs (D:3)
  An endoplasm (D:2)
  3 giant cockroaches
  2 goblins
  3 hobgoblins
  3 kobolds
  6 ball pythons
  5 bats
  4 frilled lizards
  5 rats
35 creatures vanquished.

Notes
Turn   | Place    | Note
-------+----------+-------------------------------------------
     0 | D:1      | McKennaii the Demigod Conjurer began the quest for the Orb.
     0 | D:1      | Reached XP level 1. HP: 14/14 MP: 5/5
   197 | D:1      | Found Ashatseg's Jewellery Shop.
   528 | D:1      | You fall into a shaft and drop 1 floor!
   877 | D:1      | Reached XP level 2. HP: 20/20 MP: 3/7
   880 | D:1      | Learned a level 2 spell: Searing Ray
  1319 | D:2      | Reached skill level 4 in Conjurations
  2015 | D:3      | Reached XP level 3. HP: 26/26 MP: 6/9
  2138 | D:3      | Noticed an ice beast
  2170 | D:3      | Slain by an ice beast

Illustrated notes

Levels and vault maps discovered:
D:1:      dpeg_arrival_circle_labyrinth_a, layout_loops_corners, serial_shops,
          nicolae_shop_gaudy_bauble, minmay_crystal_room,
          nicolae_concentric_dashed_squares_mild, feat_on_display
D:2:      layout_rooms
D:3:      layout_basic, chequers_serial_rivers_micro_a,
          chequers_serial_rivers_large_b

Skill      XL: |  1  2 |
---------------+-------+-----
Spellcasting   | 2 |  2.5
Conjurations   | 4 |  4.1
Dodging        | |  1.7
Stealth        | |  1.7

Action                     || total
---------------------------++-------
  Melee: Staff             ||    11
   Cast: Magic Dart        ||    67
         Searing Ray       ||     2
 Armour: Robe              ||     8
  Dodge: Dodged            ||    13
